 Seeded DCSS version 0.30.1-9-gdf580d7c3d (webtiles) character file.

Game seed: 4823527422771743001 (custom seed)

133 Psyclone the Gusty (level 4, -1/24 HPs)
             Began as a Deep Elf Air Elementalist on Sept 25, 2023.
             Slain by a river rat (8 damage)
             ... on level 3 of the Dungeon.
             The game lasted 00:06:36 (2510 turns).

Psyclone the Gusty (Deep Elf Air Elementalist)      Turns: 2510, Time: 00:06:37

Health: -1/24      AC:  2    Str:  5    XL:     4   Next: 93%
Magic:  1/10       EV: 12    Int: 22    God:
Gold:   136        SH:  0    Dex: 15    Spells: 3/9 levels left

rFire   . . .        j - +0 long sword
rCold   . . .        (no shield)
rNeg    . . .        a - +0 robe
rPois   .            (no helmet)
rElec   .            (no cloak)
rCorr   .            (no gloves)
SInv    +            (no boots)
Will    .....        (no amulet)
Stlth   ++           e - ring of wizardry
HPRegen 0.24/turn    f - ring of see invisible
MPRegen 0.12/turn

%: wizardry (x1)
@: no status effects
A: no striking features
a: no special abilities


You were on level 3 of the Dungeon.
You visited 1 branch of the dungeon, and saw 3 of its levels.

You collected 136 gold pieces.

Inventory:

Hand Weapons
 j - a +0 long sword (weapon)
 s - a +3 long sword
Missiles
 l - 2 throwing nets {!f}
Armour
 a - a +0 robe (worn)
Jewellery
 e - a ring of wizardry (left hand)
 f - a ring of see invisible (right hand)
Wands
 r - a wand of flame (20)
Scrolls
 c - a scroll of teleportation {unknown}
 g - a scroll of enchant weapon {unknown}
 h - 3 scrolls of identify {unknown}
 i - a scroll of enchant armour {unknown}
 m - 2 scrolls of noise {unknown}
 n - a scroll of immolation {unknown}
 p - a scroll of amnesia {unknown}
 q - a scroll of fear {unknown}
Potions
 b - a potion of magic
 d - 2 potions of curing {unknown}
 k - a potion of resistance {unknown}
 o - a potion of attraction {unknown}


   Skills:
 - Level 2.4 Dodging
 - Level 2.4 Stealth
 - Level 3.0 Spellcasting
 - Level 1.1 Conjurations
 + Level 5.7 Air Magic


You had 3 spell levels left.
You knew the following spells:

 Your Spells              Type           Power      Damage    Failure   Level
a - Shock                 Conj/Air       72%        1d7       1%          1
b - Static Discharge      Conj/Air       36%        2-4/arc   1%          2
r - Swiftness             Air            28%        N/A       1%          3

Your spell library contained the following spells:

 Spells                   Type           Power      Damage    Failure   Level
 Airstrike                Air            14%        2d(2-18)  4%          4


Dungeon Overview and Level Annotations

Branches:
Dungeon (3/15) Zot: 15482

Altars:
Dithmenos

Shops:
D:2 :?*   D:3 (


Message History

Aiming: Shock (safe; 1% risk of failure)
Press: ? - help, Shift-Dir - straight line, f/p - worm
Aim: a worm (heavily wounded, 90% to hit)
The zap misses the worm.
You feel sick.
You take 1 damage, and have 17/24 hp.
You now have 1/10 mp.
Casting: Shock (safe; 1% risk of failure)
Confirm with . or Enter, or press ? or * to list all spells.
Aiming: Shock (safe; 1% risk of failure)
Press: ? - help, Shift-Dir - straight line, f/p - worm
Aim: a worm (heavily wounded, 90% to hit)
The zap hits the worm.
The worm is almost dead.
You feel sick.
You take 1 damage, and have 16/24 hp.
You now have 0/10 mp.
You enter the shallow water.
Moving in this stuff is going to be slow.
You feel sick.
You are no longer poisoned.
You take 1 damage, and have 15/24 hp.
Casting: Shock (safe; 1% risk of failure)
Confirm with . or Enter, or press ? or * to list all spells.
You don't have enough magic to cast this spell.
You slash the worm!
You kill the worm!
Your unstable footing causes you to fumble your attack.
The river rat closely misses you. The river rat completely misses you.
You hit the river rat but do no damage. The river rat closely misses you.
Your unstable footing causes you to fumble your attack.
The river rat barely misses you.
You hit the river rat but do no damage. The river rat bites you. x2
You take 7 damage, and have 10/24 hp.
MASSIVE DAMAGE!!
The river rat attacks as you move away! The river rat misses you.
You hit the river rat but do no damage. The river rat barely misses you.
The river rat bites you.
* * * LOW HITPOINT WARNING * * *
You take 3 damage, and have 7/24 hp.
You hit the river rat.
The river rat is moderately wounded.
The river rat bites you!
You die...

... .. ... .. ....
#. ############
.....#"
..#.........
....?#.####
#.#.########
..........####.#.#
.....~.....#...#.#
.~.~~†~r@......#.#
~~#~#~######)..#.#
~~ #.....#.## ##
#.....†..#
#........#
#........#
#........#
#.....#....
#.....#....


You could see a river rat.

Vanquished Creatures
  5 adders
  A river rat (D:3)
  2 worms (D:3)
  3 dart slugs (D:1)
  An orc (D:3)
  7 bats
  8 endoplasms
  6 giant cockroaches
  4 goblins
  5 hobgoblins
  4 jackals (D:2)
  3 quokkas
  5 ball pythons
  4 frilled lizards (D:1)
  2 kobolds
  6 rats
66 creatures vanquished.

Notes
Turn   | Place    | Note
-------+----------+-------------------------------------------
     0 | D:1      | Psyclone the Deep Elf Air Elementalist began the quest for
                  | the Orb.
     0 | D:1      | Reached XP level 1. HP: 10/10 MP: 6/6
   206 | D:1      | Reached XP level 2. HP: 15/15 MP: 6/8
   338 | D:1      | Learned a level 2 spell: Static Discharge
   464 | D:1      | Reached skill level 4 in Air Magic
   633 | D:1      | Reached XP level 3. HP: 19/19 MP: 5/9
   677 | D:1      | Learned a level 3 spell: Swiftness
  1267 | D:2      | Found Ujaseina's Book Boutique.
  1447 | D:2      | Reached XP level 4. HP: 24/24 MP: 8/10
  1485 | D:2      | Found Raurchekh's General Store.
  1535 | D:2      | Reached skill level 5 in Air Magic
  1858 | D:2      | Found Sepir's Magic Scroll Shoppe.
  1896 | D:2      | Found a shadowy altar of Dithmenos.
  2367 | D:3      | Found Vucadut's Weapon Shop.
  2510 | D:3      | Slain by a river rat

Illustrated notes

Levels and vault maps discovered:
D:1:      dpeg_arrival_radiant, layout_loops_ring, minmay_octomino_j4
D:2:      layout_basic, serial_shops, shop, nicolae_shop_rolled_up, shop,
          basic_altar, amcnicky_mini_rare_corridor_liquid
D:3:      layout_basic, lemuel_tele_altar, ashenzari_conservatory_becter,
          lightli_sewer_entry_pipes, serial_shops, nicolae_shop_trees,
          uniq_robin

Skill      XL: |  1  2  3  4 |
---------------+-------------+-----
Air Magic      | 4 5 |  5.7
Dodging        | |  2.4
Stealth        | |  2.4
Spellcasting   | |  3.0
Conjurations   | |  1.1

Action                     |  1- 3 |  4- 6 || total
---------------------------+-------+-------++-------
  Melee: Long sword        |     2 |    16 ||    18
   Cast: Shock             |    67 |    37 ||   104
         Static Discharge  |     3 |     7 ||    10
   Stab: Sleeping          |       |     1 ||     1
 Armour: Robe              |     1 |     3 ||     4
  Dodge: Dodged            |    12 |    17 ||    29
